 Dungeon Crawl Stone Soup version 0.26-a0-658-gbdda728c12 (webtiles) character file.

Game seed: 10091081219663102547

116 Aithon the Slasher (level 4, -2/40 HPs)
             Began as a Palentonga Fighter on Oct 5, 2020.
             Killed by divine providence
             ... invoked by an orc priest
              (10 damage)
             ... on level 3 of the Dungeon.
             The game lasted 00:07:57 (2453 turns).

Aithon the Slasher (Palentonga Fighter)             Turns: 2453, Time: 00:07:58

Health: -2/40      AC:  7    Str: 20    XL:     4   Next: 70%
Magic:  4/4        EV:  5    Int:  9    God:
Gold:   95         SH:  0    Dex:  9    Spells: 3/3 levels left

rFire    . . .     SeeInvis +   a - +0 long sword
rCold    . . .     Faith    .   (no shield)
rNeg     . . .     Spirit   .   f - +0 chain mail
rPois    .         Reflect  .   (no helmet)
rElec    .         Harm     .   (no cloak)
rCorr    .         Rampage  .   (no gloves)
MR       .....                  (no barding)
Stlth    ..........             (no amulet)
HPRegen  0.13/turn              (no ring)
MPRegen  0.09/turn              (no ring)

@: no status effects
A: large, rugged brown scales 3, see invisible, deformed body, roll, armoured
tail
a: Rolling Charge


You were on level 3 of the Dungeon.
You visited 1 branch of the dungeon, and saw 3 of its levels.

You collected 95 gold pieces.

Inventory:

Hand Weapons
 a - a +0 long sword (weapon)
Missiles
 e - 94 stones (quivered)
Armour
 b - a +0 scale mail
 c - a +0 kite shield
 f - a +0 chain mail (worn)
Scrolls
 g - 2 scrolls of remove curse {unknown}
 i - 2 scrolls of blinking {unknown}
 j - 3 scrolls of identify {unknown}
 k - a scroll of teleportation {unknown}
 n - a scroll of enchant armour {unknown}
 p - a scroll of amnesia {unknown}
Potions
 d - 2 potions of might
 h - a potion of invisibility {unknown}
 l - a potion of lignification {unknown}
 m - 2 potions of magic {unknown}
 o - a potion of mutation {unknown}


   Skills:
 - Level 3.0 Fighting
 + Level 4.9 Long Blades
 - Level 0.2 Throwing
 - Level 2.4 Armour
 - Level 2.4 Shields


You had 3 spell levels left.
You didn't know any spells.
Your spell library was empty.

Dungeon Overview and Level Annotations

Branches:
Dungeon (3/15)

Altars:
Qazlal


Innate Abilities, Weirdness & Mutations

You are completely covered in rugged brown scales. (AC +3, +7% HP)
You have supernaturally acute eyesight. (SInv)
Armour fits poorly on your strangely shaped body.
You can roll at foes to attack.
You have a long armoured tail.


Message History

You hit the jackal.
The jackal is lightly wounded.
The jackal bites you but does no damage.
The orc hits you with a +0 dagger.
The jackal bites you but does no damage.
You closely miss the jackal. The jackal bites you.
The orc hits you but does no damage.
The jackal bites you but does no damage.
The orc hits you but does no damage.
The orc priest calls down the wrath of Beogh upon you.
Beogh smites you!
* * * LOW HITPOINT WARNING * * *
The orc hits you but does no damage.
The jackal bites you but does no damage.
The orc priest shouts!
The orc shouts!
The jackal bites you but does no damage.
You barely miss the orc priest.
The orc priest calls down the wrath of Beogh upon you.
Beogh smites you!
You die...

######........###.# #
#.........#..# ##
#...†.......####...
##...####†.........
#.### #.#........
#.######...#######.h.
..#......o###....o.#
.##..####o####o# #.
#..@.##†.# #
#...h#.o## #....oo##
#......### ##.....#
#...... ########


You could see an orc priest, 3 orcs and a jackal.

Vanquished Creatures
  6 adders
  An ooze (D:2)
  A worm (D:3)
  2 dart slugs (D:1)
  3 leopard geckos
  3 giant cockroaches
  5 goblins
  6 hobgoblins
  A jackal (D:3)
  2 quokkas (D:2)
  9 bats
  3 frilled lizards
  6 kobolds
  6 rats
54 creatures vanquished.

Notes
Turn   | Place    | Note
-------+----------+-------------------------------------------
     0 | D:1      | Aithon the Palentonga Fighter began the quest for the Orb.
     0 | D:1      | Reached XP level 1. HP: 20/20 MP: 1/1
   271 | D:1      | Reached XP level 2. HP: 15/27 MP: 2/2
   409 | D:1      | You fall into a shaft and drop 1 floor!
   427 | D:2      | Reached skill level 3 in Long Blades
   474 | D:2      | Reached XP level 3. HP: 17/33 MP: 3/3
   882 | D:2      | Reached skill level 4 in Long Blades
   885 | D:2      | Found a stormy altar of Qazlal.
  1183 | D:3      | Reached XP level 4. HP: 7/40 MP: 4/4
  2453 | D:3      | Killed from afar by an orc priest

Illustrated notes

Levels and vault maps discovered:
D:1:      sevenhm_arrival_forest_fort_small_3, layout_basic
D:2:      layout_rooms, serial_bayou_pond_d, grunt_qazlal_clouds
D:3:      layout_rooms, minivault_11

Skill      XL: |  1  2  3 |
---------------+----------+-----
Long Blades    | 3 4 |  4.9
Fighting       | |  3.0
Throwing       | |  0.2
Armour         | |  2.4
Shields        | |  2.4

Action                   |  1- 3 |  4- 6 || total
-------------------------+-------+-------++-------
Melee: Long sword        |   118 |    59 ||   177
       Tailslap          |     7 |     8 ||    15
Throw: Stone             |     1 |       ||     1
 Abil: Rolling Charge    |     6 |     1 ||     7
  Use: Potion            |     1 |       ||     1
Armor: Scale mail        |     9 |       ||     9
       Chain mail        |    86 |    58 ||   144
Dodge: Dodged            |    31 |     5 ||    36
Block: Kite shield       |     3 |       ||     3
       Rpst.: Long sword |    13 |     1 ||    14

Table legend: (Time is in decaauts)
 A = Elapsed time spent in this place.
 B = Non-inter-level travel time spent in this place.
 C = Inter-level travel time spent in this place.
 D = Time resting spent in this place.
 E = Time spent auto-exploring this place.
 F = Levels seen in this place.
 G = Mean time per level.
                   A        B        C        D        E       F      G
               +--------+--------+--------+--------+--------+-----+--------+
         Total |   2491 |   2361 |    130 |    402 |   1456 |   3 |  830.3 |
       Dungeon |   2491 |   2361 |    130 |    402 |   1456 |   3 |  830.3 |
               +--------+--------+--------+--------+--------+-----+--------+

Top non-repeatable levels by time:
     D:1: 962 daAuts
     D:2: 812 daAuts
     D:3: 716 daAuts
